 Dungeon Crawl Stone Soup version 0.22-a0-580-gd5db89c (webtiles) character file.

1470429 Amnesiac the Devastator (level 27, 270/270 HPs)
             Began as a Demigod Wizard on July 3, 2018.
             Escaped with the Orb
             ... and 3 runes!
             The game lasted 05:18:15 (105437 turns).

Amnesiac the Devastator (Demigod Wizard)          Turns: 105437, Time: 05:18:16

Health: 270/270    AC: 17    Str: 10      XL:     27
Magic:  71/71      EV: 30    Int: 37 (38) God:
Gold:   4619       SH: 18    Dex: 14      Spells: 16/65 levels left

rFire    + . .     SeeInvis .   B - staff of energy
rCold    . . .     Gourm    .   Y - +5 shield {AC+3}
rNeg     . . .     Faith    .   w - +3 leather armour {rF+}
rPois    .         Spirit   +   (no helmet)
rElec    +         Reflect  .   V - scarf {Spirit}
rCorr    .         Harm     .   p - +2 pair of gloves
MR       ++...     Clarity  +   N - +2 pair of boots {Stlth+}
Stlth    +.........             g - amulet of the Air {Inacc +Fly rElec EV+5 RMsl}
HPRegen  0.55/turn              n - ring of magical power
MPRegen  0.42/turn              J - ring of magical power

@: very slightly contaminated, repel missiles
A: icy blue scales 1, thin skeletal structure 1, blink, blurry vision 2,
clarity, clumsy 1, deterioration 2, dopey 1, high mp 1, robust 1, MP-powered
wands, sturdy frame 1
0: Orb of Zot
}: 3/15 runes: barnacled, silver, gossamer
a: Blink, Evoke Flight


You escaped.
You were not hungry.

You visited 10 branches of the dungeon, and saw 50 of its levels.
You visited the Abyss 1 time.
You also visited: Ice Cave and Desolation.

You collected 8651 gold pieces.
You spent 4032 gold pieces at shops.

Inventory:

Hand Weapons
 b - a +8 demon blade of slicing
Missiles
 z - 9 throwing nets (quivered)
Armour
 p - a +2 pair of gloves (worn)
 w - a +3 leather armour of fire resistance (worn)
 N - a +2 pair of boots of stealth (worn)
 V - a scarf of spirit shield (worn)
 W - a +2 helmet of intelligence
 Y - a +5 shield of protection (worn)
Magical Staves
 a - an uncursed staff of conjuration
 B - an uncursed staff of energy (weapon)
 I - an uncursed staff of power
Jewellery
 g - the amulet of the Air (around neck) {Inacc +Fly rElec EV+5 RMsl}
   (You found it on level 1 of the Vaults)

   [amulet of inaccuracy]

   It reduces the accuracy of all your attacks.
   It affects your evasion (+5).
   It insulates you from electricity.
   It lets you fly.
   It protects you from missiles.
 n - a ring of magical power (left hand)
 A - the ring "Owogouf" {-Tele rN+ Str+4 Dex+3}
   (You found it on level 7 of the Dungeon)

   [ring of strength]

   It affects your strength (+4).
   It affects your dexterity (+3).
   It protects you from negative energy.
   It prevents most forms of teleportation.
 J - a ring of magical power (right hand)
 L - an uncursed ring of protection from fire
 M - an uncursed ring of wizardry
 T - an uncursed ring of protection from cold
 U - the ring of Rehuck {rPois rN+++ EV-2 Str+3 Dex+4}
   (You took it off a deep elf sorcerer on level 3 of the Elven Halls)

   [ring of evasion]

   It affects your evasion (-2).
   It affects your strength (+3).
   It affects your dexterity (+4).
   It protects you from poison.
   It renders you almost immune to negative energy.
Wands
 f - a wand of disintegration (63)
 h - a wand of clouds (10)
 v - a wand of enslavement (20)
 G - a wand of digging (83)
 O - a wand of iceblast (9)
Scrolls
 c - 11 scrolls of remove curse {!r}
 e - 15 scrolls of teleportation {!r}
 i - 2 scrolls of fog {!r}
 k - 10 scrolls of magic mapping {!r}
 o - 9 scrolls of blinking {!r}
 r - a scroll of silence {!r}
 t - a scroll of vulnerability {!r}
 y - 2 scrolls of enchant armour {!r}
 C - 5 scrolls of amnesia {!r}
 F - 5 scrolls of fear {!r}
 K - 14 scrolls of identify {!r}
 S - 2 scrolls of summoning {!r}
Potions
 j - a potion of cancellation {!q}
 l - a potion of invisibility {!q}
 m - 7 potions of flight {!q}
 s - 6 potions of might {!q}
 u - 4 potions of mutation {!q}
 x - 5 potions of resistance {!q}
 H - 15 potions of curing {!q}
 P - 4 potions of haste {!q}
 R - 3 potions of brilliance {!q}
Miscellaneous
 E - a fan of gales
 Z - a crystal ball of energy
Comestibles
 d - 42 rations


   Skills:
 + Level 20.1 Fighting
 + Level 20.1 Dodging
 - Level 2.0 Stealth
 - Level 15.0 Shields
 + Level 19.7 Spellcasting
 * Level 20.5 Conjurations
 - Level 0.8 Summonings
 - Level 0.8 Translocations
 + Level 20.1 Evocations


You had 16 spell levels left.
You knew the following spells:

 Your Spells              Type           Power        Failure   Level  Hunger
a - Iron Shot             Conj/Erth      #######...   1%          6    None
b - Irradiate             Conj/Tmut      #######...   1%          5    None
c - Iskenderun's Battles  Conj/Chrm      #######.     1%          5    None
d - Orb of Destruction    Conj           ########..   1%          7    None
e - Mephitic Cloud        Conj/Pois/Air  ######..     1%          3    None
f - Summon Lightning Spi  Summ/Air       #####...     7%          4    None
g - Spellforged Servitor  Conj/Summ      #######...   9%          7    None
h - Poisonous Vapours     Pois/Air       #####.       1%          2    None
r - Regeneration          Chrm/Necr      #####.....   2%          3    None
s - Conjure Flame         Conj/Fire      #######.     1%          3    None
v - Blink                 Tloc           N/A          1%          2    None
w - Passwall              Tmut/Erth      #####...     1%          2    None

Your spell library contained the following spells:

 Spells                   Type           Power        Failure   Level  Hunger
 Cause Fear               Hex            #####.....   9%          4    None
 Magic Dart               Conj           ####         0%          1    None
 Apportation              Tloc           #####.       1%          1    None
 Lightning Bolt           Conj/Air       #######...   1%          5    None
 Bolt of Magma            Conj/Fire/Erth ######....   1%          5    None
 Slow                     Hex            #####...     1%          2    None
 Confuse                  Hex            #####...     2%          3    None
 Invisibility             Hex            #####...     78%         6    None
 Throw Frost              Conj/Ice       ######       1%          2    None
 Freezing Cloud           Conj/Ice/Air   ######....   8%          6    None
 Ring of Flames           Chrm/Fire      #####.....   100%        7    None
 Venom Bolt               Conj/Pois      #######...   1%          5    None
 Olgreb's Toxic Radiance  Pois           #####...     9%          4    None
 Teleport Other           Tloc           #####...     1%          3    None
 Death's Door             Chrm/Necr      #####.....   100%        8    None
 Summon Small Mammal      Summ           ####         1%          1    None
 Bolt of Draining         Conj/Necr      #######...   1%          5    None
 Animate Dead             Necr           N/A          9%          4    None
 Pain                     Necr           ####         1%          1    None
 Animate Skeleton         Necr           N/A          1%          1    None
 Haunt                    Necr/Summ      #####.....   99%         7    None
 Borgnjor's Revivificati  Necr           #####.....   100%        8    None
 Freeze                   Ice            ####         1%          1    None
 Summon Ice Beast         Ice/Summ       #####...     7%          4    None
 Ozocubu's Armour         Chrm/Ice       #####...     2%          3    None
 Call Imp                 Summ           #####...     1%          2    None
 Dispel Undead            Necr           #####...     24%         5    None
 Sting                    Conj/Pois      ####         0%          1    None
 Sublimation of Blood     Necr           #####.....   1%          2    None
 Tukima's Dance           Hex            #####...     2%          3    None
 Summon Demon             Summ           #####.....   17%         5    None
 Corpse Rot               Necr           N/A          1%          2    None
 Stone Arrow              Conj/Erth      ######       1%          3    None
 Shock                    Conj/Air       ####         0%          1    None
 Swiftness                Chrm/Air       #####...     1%          2    None
 Recall                   Summ/Tloc      N/A          1%          3    None
 Agony                    Necr           #####...     24%         5    None
 Statue Form              Tmut/Erth      #####....    78%         6    None
 Dragon Form              Tmut           #####.....   100%        7    None
 Necromutation            Tmut/Necr      #####.....   100%        8    None
 Death Channel            Necr           #####.....   78%         6    None
 Throw Icicle             Conj/Ice       #######.     1%          4    None
 Airstrike                Air            #####.....   9%          4    None
 Confusing Touch          Hex            #####.       1%          1    None
 Ignite Poison            Fire/Tmut/Pois #####...     2%          3    None
 Sticks to Snakes         Tmut           #####...     1%          2    None
 Call Canine Familiar     Summ           #####...     1%          3    None
 Ensorcelled Hibernation  Hex/Ice        #####.       1%          2    None
 Metabolic Englaciation   Hex/Ice        #####.....   24%         5    None
 Summon Butterflies       Summ           #####...     1%          1    None
 Shatter                  Erth           #####.....   100%        9    None
 Dispersal                Tloc           #####.....   67%         6    None
 Static Discharge         Conj/Air       #######.     1%          3    None
 Corona                   Hex            #####..      1%          1    None
 Alistair's Intoxication  Tmut/Pois      #####...     24%         5    None
 Lee's Rapid Deconstruct  Erth           #####.....   24%         5    None
 Sandblast                Erth           #####.       1%          1    None
 Simulacrum               Ice/Necr       #####.....   78%         6    None
 Excruciating Wounds      Chrm/Necr      #####.....   24%         5    None
 Portal Projectile        Hex/Tloc       #####.       2%          3    None
 Petrify                  Tmut/Erth      #####...     9%          4    None
 Tornado                  Air            #####.....   100%        9    None
 Leda's Liquefaction      Hex/Erth       #####.....   9%          4    None
 Summon Hydra             Summ           #####.....   99%         7    None
 Shroud of Golubria       Chrm/Tloc      #####.....   1%          2    None
 Inner Flame              Hex/Fire       #####...     2%          3    None
 Dazzling Spray           Conj/Hex       ######       1%          3    None
 Infusion                 Chrm           ####         1%          1    None
 Song of Slaying          Chrm           #####...     1%          2    None
 Spectral Weapon          Hex/Chrm       #####...     2%          3    None
 Summon Forest            Summ/Tloc      #####.....   17%         5    None
 Summon Guardian Golem    Hex/Summ       #####...     2%          3    None
 Summon Mana Viper        Hex/Summ       #####...     21%         5    None
 Hydra Form               Tmut           #####.....   78%         6    None
 Gell's Gravitas          Tloc           #####.....   1%          3    None
 Yara's Violent Unravell  Hex/Tmut       #####.....   24%         5    None
 Infestation              Necr           #####.....   100%        8    None
 Lesser Beckoning         Tloc           #####.....   1%          3    None
 Ignition                 Fire           #####.....   100%        8    None
 Borgnjor's Vile Clutch   Necr/Erth      #####.....   24%         5    None


Dungeon Overview and Level Annotations

Branches:
Dungeon (15/15)            Temple (0/1) D:7            Lair (6/6) D:8
 Shoals (4/4) Lair:4       Spider (4/4) Lair:4        Slime (0/5) Lair:6
    Orc (2/2) D:9             Elf (3/3) Orc:2        Vaults (5/5) D:13
  Crypt (0/3) Vaults:2     Depths (5/5) D:15           Hell (1/1)
    Zot (5/5) Depths:5
    Dis: Hell:1         Geh: Hell:1         Coc: Hell:1         Tar: Hell:1

Shops:
D:6 *   D:10 [   D:15 (   Orc:1 *   Orc:2 [[?}   Elf:1 *   Shoals:1 *[}*
Shoals:2 :   Vaults:2 ?=%}   Vaults:5 %(

Portals:
Hell: Depths:1 Depths:2 Depths:3 Depths:4 Depths:5
Abyss: Depths:3 Depths:4
Pandemonium: Depths:3
Ziggurat: Depths:2

Annotations:
Hell Geryon


Innate Abilities, Weirdness & Mutations

You have an increased reservoir of magic. (+10% MP)
You are partially covered in icy blue scales. (AC +2)
You have a somewhat thin skeletal structure. (Dex +2, Stealth)
You can translocate small distances at will.
Scrolls take you longer to read.
You possess an exceptional clarity of mind.
You are clumsy. (Dex -2)
Your body often deteriorates upon taking damage.
You are dopey. (Int -2)
You are robust. (+10% HP)
You expend magic power (3 MP) to strengthen your wands.
Your movements are slightly less encumbered by armour. (ER -2)


Message History

You block the sixfirhy's attack. x2
A hell beast comes into view.
The sixfirhy completely misses you.
Unknown command.
Casting: Iron Shot (safe; 1% risk of failure)
Confirm with . or Enter, or press ? or * to list all spells.
Aiming: Iron Shot (safe; 1% risk of failure)
Press: ? - help, Shift-Dir - straight line, f/p - sixfirhy
Aim: a sixfirhy You miscast Iron Shot.
You feel a surge of energy from the ground.
The sixfirhy hits you! The sixfirhy shocks you. You resist.
The sixfirhy closely misses you. You block the sixfirhy's attack.
Unknown command.
The sixfirhy completely misses you. You block the sixfirhy's attack.
The sixfirhy completely misses you.
The sixfirhy hits you but does no damage.
There is a stone staircase leading up here.
You climb upwards.
There is a stone staircase leading down here.
Casting: Iron Shot (safe; 1% risk of failure)
Confirm with . or Enter, or press ? or * to list all spells.
You erupt in a fountain of uncontrolled magic!
The sixfirhy is blasted with magical radiation!
You kill the sixfirhy!
You channel some magical energy.
You feel slightly more hungry.
You channel some magical energy.
You feel slightly more hungry.
You channel some magical energy.
You feel slightly more hungry.
You channel some magical energy.
You feel slightly more hungry.
You channel some magical energy.
You feel slightly more hungry.
You channel some magical energy.
You feel slightly more hungry.
Nothing appears to happen.
You channel some magical energy.
You feel slightly more hungry.
You channel some magical energy.
You feel slightly more hungry.
You channel some magical energy.
You feel slightly more hungry.
You channel some magical energy.
You feel slightly more hungry.
You channel some magical energy.
You feel slightly more hungry.
You channel some magical energy.
You feel slightly more hungry.
Nothing appears to happen.
You channel some magical energy.
You feel slightly more hungry.
You channel some magical energy.
You feel slightly more hungry.
Nothing appears to happen.
You channel some magical energy.
You feel slightly more hungry.
You channel some magical energy.
You feel slightly more hungry.
You channel some magical energy.
You feel slightly more hungry.
You channel some magical energy.
You feel slightly more hungry.
You channel some magical energy.
You feel slightly more hungry.
Nothing appears to happen.
You channel some magical energy.
You feel slightly more hungry.
You channel some magical energy.
You feel slightly more hungry.
HP restored.
Magic restored.
There is a stone staircase leading up here.
You climb upwards.
There is a stone staircase leading down here.
You see here 17 stones.
There is a stone staircase leading up here.
Unknown command.
You climb upwards.
There is a stone staircase leading down here.
You open the door.
There is an open door here.
There is a staircase leading out of the dungeon here.
You have escaped!

####'#.# #########..... #.#.##
#............. #.#..#
#.........÷... #.##.####
#####............. #.##....#
#.........#####... #.###.#.#
#.####.####...'...
#.....#'####'####+# ##...#...
#####.#...........# #⌠..##...
#########'######@########...#....
...(...........###.....######'###
###.........##.....##..........#
..#.........#########..........#
#.#.........# #..........#
#.#........)#########....).....#
#.#................####..###...#
#.#.........###...(# ##.# #...##
#...######### #....# #.####+#..


There were no monsters in sight!

Vanquished Creatures
  8 orbs of fire
  The ghost of Nib the Warrior, a legendary NaVM of Hepliaklqana (Zot:1)
  Mennas (Vaults:3)
  4 ancient liches
  Sojobo (Depths:3)
  Margery (Depths:5)
  2 curse toes
  Bai Suzhen (Depths:3)
  A caustic shrike (Depths:5)
  Nikola (Elf:1)
  2 Killer Klowns (Zot:5)
  3 bone dragons
  16 golden dragons
  5 electric golems
  11 tentacled monstrosities
  27 Orb Guardians
  Rupert (D:12)
  2 liches
  3 deep elf blademasters
  Asterion (Elf:2)
  A quicksilver dragon (Zot:2)
  Polyphemus (Shoals:4)
  7 titans (Vaults:5)
  3 sphinxes
  An Executioner (Zot:5)
  2 acid blobs (Depths:3)
  A deep elf master archer (Elf:3)
  3 tentacled starspawn (Abyss:3)
  11 shadow dragons
  An ancient champion (Vaults:2)
  10 tengu reavers
  Ilsuiw (Shoals:4)
  10 death cobs
  Donald (Elf:1)
  3 azure jellies (Depths:3)
  5 storm dragons
  9 draconian monks
  3 draconian knights
  5 fire giants
  15 vault wardens
  An emperor scorpion (Spider:4)
  6 draconian scorchers
  11 frost giants
  5 ghost moths
  6 deep elf sorcerers
  An iron dragon (Depths:4)
  3 cacodemons
  4 imperial myrmidons (Desolation)
  6 draconian stormcallers
  3 deep elf elementalists (Elf:3)
  An orc warlord (Vaults:4)
  7 draconian annihilators
  A ghoul (Vaults:5)
  9 draconian shifters
  21 stone giants
  16 ironheart preservers
  27 very ugly things
  4 spriggan defenders
  4 war gargoyles
  The ghost of pk666 the Eclecticist, a journeyman DEWz of Vehumet (Shoals:1)
  14 black draconians
  3 entropy weavers
  2 vampire knights
  Nessos (D:12)
  5 deep elf demonologists
  14 white draconians
  9 green draconians
  A lorocyproca (Depths:1)
  7 deep elf annihilators
  10 red draconians
  Azrael (D:15)
  A dire elephant (Lair:6)
  9 yellow draconians
  16 purple draconians
  14 deep elf death magi
  4 spark wasps
  A green death (D:14)
  6 merfolk javelineers
  11 ettins
  Snorg (D:11)
  An ettin (shapeshifter) (Vaults:5)
  6 death oozes (Depths:3)
  6 ragged hierophants (Desolation)
  21 yaktaur captains
  Josephine (Orc:2)
  4 crystal guardians
  7 fire dragons
  2 jiangshi
  5 rakshasas
  14 deep elf high priests
  11 merfolk impalers
  19 ogre magi
  6 servants of whispers (Desolation)
  7 great orbs of eyes
  4 hydras
  32 vault guards
  A monstrous demonspawn (D:4)
  2 catoblepae
  7 peacekeepers (Desolation)
  6 death knights
  11 centaur warriors
  An alligator snapping turtle (Shoals:4)
  A spriggan air mage (Depths:5)
  2 merfolk avatars
  8 death yaks
  9 ice dragons
  3 merfolk aquamancers (Shoals:4)
  6 deep troll shamans
  63 two-headed ogres
  30 dancing weapons
  A tengu warrior (Depths:3)
  2 satyrs
  3 hell hogs (Hell)
  2 vampire magi
  4 deep troll earth magi
  Urug (D:13)
  3 spriggan berserkers
  5 sun demons
  4 spriggans
  18 deep elf knights
  20 hell knights
  6 soul eaters
  A wretched star (Abyss:3)
  A titan skeleton (Vaults:4)
  A death drake (Abyss:3)
  2 shadow wraiths
  A fire crab (shapeshifter) (Vaults:3)
  2 unseen horrors
  10 sea snakes
  7 sixfirhies
  4 iron trolls
  7 skeletal warriors
  A sea snake (shapeshifter) (Vaults:5)
  25 deep trolls
  A storm dragon skeleton (Vaults:3)
  4 wizards
  A tengu zombie (Vaults:4)
  A kraken simulacrum (Shoals:4)
  An obsidian statue (Shoals:1)
  6 phantasmal warriors
  A swamp dragon (shapeshifter) (Vaults:3)
  2 flayed ghosts
  2 glowing orange brains (Depths:5)
  27 deep elf archers
  16 harpies
  4 necromancers
  15 ironbrand convokers
  20 orc knights
  An orb spider (shapeshifter) (D:13)
  31 wolf spiders
  79 deep elf magi
  15 orb spiders
  A fire giant zombie (Vaults:3)
  2 orc sorcerers
  54 ugly things
  7 cyclopes
  9 manticores
  4 fauns (Shoals:1)
  A salamander (shapeshifter) (Vaults:3)
  19 elephants
  24 moths of wrath
  2 centaur zombies (D:15)
  7 merfolk sirens
  18 vault sentinels
  A guardian serpent (shapeshifter) (D:14)
  An ice statue (IceCv)
  A human skeleton (Vaults:4)
  3 black mambas
  4 guardian serpents (Desolation)
  2 gargoyles (D:15)
  A torpor snail (shapeshifter) (Vaults:5)
  4 smoke demons
  3 rust devils
  18 spiny frogs
  8 water nymphs
  A hellion (D:7)
  A kobold demonologist (D:14)
  3 komodo dragons
  An orange demon (D:4)
  69 yaktaurs
  17 demonic crawlers
  16 rime drakes
  13 freezing wraiths
  A tormentor (Depths:3)
  2 hellwings
  2 red devils
  5 trolls
  A merfolk (shapeshifter) (Depths:4)
  4 tengu conjurers
  34 jumping spiders
  A jumping spider (shapeshifter) (Vaults:2)
  17 polar bears
  10 merfolk
  A polar bear (shapeshifter) (Vaults:1)
  A black draconian skeleton (Zot:2)
  14 hornets
  A raiju (shapeshifter) (D:13)
  Grinder (D:4)
  3 wind drakes
  Prince Ribbit (Lair:3)
  6 raiju (Abyss:3)
  33 slime creatures
  49 saltlings (Desolation)
  7 snapping turtles
  5 dream sheep
  7 blink frogs
  A stone giant simulacrum (Vaults:4)
  An air elemental (Elf:2)
  11 hippogriffs
  A redback (shapeshifter) (Vaults:1)
  A centaur simulacrum (D:14)
  A vampire (D:8)
  An ettin skeleton (Vaults:4)
  26 tarantellas
  82 redbacks
  The ghost of Enish the Skirmisher, an amateur NaAM of Okawaru (D:3)
  12 wraiths
  49 yaks
  2 shadows
  A human (shapeshifter) (Vaults:4)
  20 water elementals
  A spriggan (shapeshifter) (Depths:3)
  4 hogs (D:9)
  A ynoxinul (Depths:2)
  3 basilisks
  16 humans
  2 fire bats (Depths:2)
  3 golden eyes (Depths:5)
  5 fire elementals
  A yaktaur simulacrum (Vaults:3)
  9 steam dragons (Lair:4)
  2 chaos spawn
  12 vampire mosquitoes
  2 neqoxecs (Abyss:3)
  13 wargs
  3 large abominations
  An insubstantial wisp (Abyss:3)
  A swamp worm (shapeshifter) (Vaults:5)
  3 acid dragons
  12 water moccasins
  A porcupine (shapeshifter) (Depths:3)
  4 hell hounds
  54 orc warriors
  7 porcupines
  7 sky beasts
  4 ice beasts
  43 ogres
  3 phantoms
  3 black bears
  An eye of draining (shapeshifter) (Vaults:2)
  3 eyes of draining
  28 centaurs
  31 wolves
  A boggart (D:13)
  17 crocodiles
  An elf skeleton (Vaults:4)
  A big kobold (D:11)
  A gnoll sergeant (D:6)
  3 small abominations (Abyss:3)
  Blork the orc (D:6)
  21 bullfrogs
  2 earth elementals
  An ogre simulacrum (Vaults:1)
  A wyvern skeleton (D:12)
  9 scorpions
  2 elf simulacra
  5 wights (D:15)
  A howler monkey (shapeshifter) (Depths:4)
  4 electric eels
  A howler monkey (D:4)
  4 crimson imps
  8 bullfrog zombies
  11 hounds
  2 quasits
  5 bullfrog skeletons
  15 orc priests
  A centaur skeleton (D:11)
  2 iron imps (Depths:3)
  7 jellies
  Crazy Yiuf (D:4)
  An iguana (D:8)
  27 orc wizards
  2 hell rats (Lair:2)
  12 worker ants
  A killer bee zombie (D:8)
  A hound zombie (D:6)
  A mummy (D:8)
  Robin (D:4)
  A howler monkey skeleton (D:11)
  2 worker ant zombies
  9 gnolls (D:6)
  17 adders
  6 river rats (Lair:2)
  A river rat (shapeshifter) (Vaults:5)
  3 shadow imps
  4 white imps
  4 oozes
  An adder skeleton (D:6)
  A worm (D:1)
  A dart slug (D:1)
  3 leopard geckos
  134 orcs
  3 ball pythons
  8 giant cockroaches
  17 goblins
  8 hobgoblins
  11 jackals
  6 kobolds
  2 quokkas
  11 bats
  4 frilled lizards
  8 rats
  3 fungi
  4 starspawn tentacles (Abyss:3)
2566 creatures vanquished.

Vanquished Creatures (collateral kills)
  4 orbs of fire (Zot:5)
  An Orb Guardian (Zot:5)
  A shadow dragon (Zot:2)
  A very ugly thing (Depths:1)
  An ugly thing (Depths:1)
  4 oklob plants (Lair:4)
  A vault sentinel (Vaults:4)
  A freezing wraith (D:15)
  A redback (Spider:2)
  A hell hound (D:14)
  Ijyb (D:3)
  3 orcs (D:3)
20 creatures vanquished.

Vanquished Creatures (others)
  A death cob (Zot:2)
  A draconian knight (Zot:1)
  A large abomination (D:9)
  A deep elf mage (Elf:2)
  A wolf spider (Spider:2)
  2 polar bears (IceCv)
  A redback (Spider:1)
  A water elemental (Elf:2)
  A human (D:12)
  A centaur (D:13)
  A small abomination (Abyss:3)
  4 bushes (D:14)
  9 fungi
  10 plants
  3 starspawn tentacles (Abyss:3)
  9 tentacles (Shoals:4)
47 creatures vanquished.

Grand Total: 2633 creatures vanquished

Notes
Turn   | Place    | Note
-------+----------+-------------------------------------------
     0 | D:1      | Amnesiac the Demigod Wizard began the quest for the Orb.
     0 | D:1      | Reached XP level 1. HP: 14/14 MP: 6/6
   121 | D:1      | Reached skill level 1 in Conjurations
   180 | D:1      | Reached XP level 2. HP: 20/20 MP: 5/8
   188 | D:1      | Learned a level 2 spell: Blink
   191 | D:1      | Learned a level 2 spell: Call Imp
   738 | D:1      | HP: 1/20 [jackal (2)]
   747 | D:1      | Reached XP level 3. HP: 26/26 MP: 1/10
  1276 | D:2      | Learned a level 3 spell: Mephitic Cloud
  1557 | D:2      | Found a faded altar of an unknown god.
  2103 | D:3      | Noticed Ijyb
  2137 | D:3      | Killed Ijyb
  2137 | D:3      | Reached XP level 4. HP: 17/33 MP: 1/11
  2343 | D:3      | Found a hazy altar of Hepliaklqana.
  2344 | D:3      | Found a radiant altar of Vehumet.
  2521 | D:3      | Found a runed gate.
  2558 | D:3      | Found a runed gate.
  2559 | D:3      | Found a runed gate.
  2856 | D:3      | Found a sparkling altar of Nemelex Xobeh.
  2856 | D:3      | Found a transporter.
  2857 | D:3      | Noticed an ice beast
  2929 | D:3      | Found a roughly hewn altar of Beogh.
  2932 | D:3      | Noticed Enish's ghost (amateur NaAM)
  3054 | D:3      | Killed Enish's ghost
  3054 | D:3      | Reached XP level 5. HP: 38/38 MP: 0/14
  3231 | D:4      | Noticed Grinder
  3247 | D:3      | Learned a level 3 spell: Conjure Flame
  3284 | D:4      | Found a shadowy altar of Dithmenos.
  3392 | D:4      | Found a runed door.
  3591 | D:4      | Reached XP level 6. HP: 28/45 MP: 15/16
  3895 | D:4      | Reached skill level 5 in Spellcasting
  3991 | D:4      | Reached skill level 5 in Conjurations
  4023 | D:4      | Reached XP level 7. HP: 47/50 MP: 11/18
  4347 | D:4      | Paralysed by Grinder for 3 turns
  4352 | D:4      | Killed Grinder
  4545 | D:4      | Noticed Robin
  4554 | D:4      | Killed Robin
  4969 | D:4      | Reached XP level 8. HP: 19/57 MP: 0/21
  5187 | D:4      | Noticed Crazy Yiuf
  5192 | D:4      | Killed Crazy Yiuf
  5374 | D:5      | Entered Level 5 of the Dungeon
  6017 | D:6      | Found a burning altar of Makhleb.
  6082 | D:6      | Found Giet's Elemental Accessories.
  6091 | D:6      | Noticed Blork the orc
  6099 | D:6      | HP: 2/57 [hound (4)]
  6102 | D:6      | Gained mutation: You are partially covered in icy blue scales. (AC +2) [potion of mutation]
  6102 | D:6      | Gained mutation: You are robust. (+10% HP) [potion of mutation]
  6142 | D:6      | Killed Blork the orc
  6410 | D:6      | Found a sparkling altar of Nemelex Xobeh.
  6842 | D:7      | Got a serpentine amber ring
  6941 | D:7      | Found a shadowy altar of Dithmenos.
  6964 | D:7      | Found a staircase to the Ecumenical Temple.
  7109 | D:7      | Reached XP level 9. HP: 63/68 MP: 24/24
  7121 | D:7      | Identified the ring "Owogouf" {-Tele rN+ Str+4 Dex+3} (You found it on level 7 of the Dungeon)
  7813 | D:8      | Learned a level 3 spell: Regeneration
  7944 | D:8      | Learned a level 2 spell: Poisonous Vapours
  7991 | D:8      | Found a snail-covered altar of Cheibriados.
  8426 | D:8      | Noticed a two-headed ogre
  8444 | D:8      | Killed a two-headed ogre
  8444 | D:8      | Reached skill level 10 in Spellcasting
  8444 | D:8      | Reached XP level 10. HP: 75/75 MP: 20/28
  8677 | D:8      | Found a staircase to the Lair.
  8727 | D:8      | Reached skill level 1 in Shields
  9029 | D:9      | Found a staircase to the Orcish Mines.
 10020 | D:9      | Reached skill level 1 in Fighting
 10310 | D:10     | Entered Level 10 of the Dungeon
 10650 | D:10     | Found Umoot's Armour Shop.
 11306 | D:11     | Noticed Snorg
 11320 | D:11     | Killed Snorg
 11320 | D:11     | Reached XP level 11. HP: 44/93 MP: 29/29
 12144 | D:11     | Learned a level 5 spell: Iskenderun's Battlesphere
 12240 | D:12     | Noticed Nessos
 12254 | D:12     | Killed Nessos
 12254 | D:12     | Reached skill level 5 in Fighting
 12254 | D:12     | Reached skill level 5 in Dodging
 12254 | D:12     | Reached skill level 5 in Shields
 12868 | D:12     | Killed an unseen horror
 13377 | D:12     | Noticed Rupert
 13515 | D:12     | Killed Rupert
 13691 | D:13     | Found a gate to the Vaults.
 13691 | D:13     | Noticed a centaur warrior
 13691 | D:13     | Noticed a two-headed ogre
 13691 | D:13     | Noticed Urug
 13930 | D:13     | Noticed a centaur warrior
 13941 | D:13     | Killed a centaur warrior
 14040 | D:13     | Killed a two-headed ogre
 14040 | D:13     | Reached XP level 12. HP: 80/106 MP: 3/31
 14051 | D:13     | Noticed a centaur warrior
 14054 | D:13     | Learned a level 4 spell: Summon Lightning Spire
 14074 | D:13     | Found a frozen archway.
 14075 | D:13     | Noticed a death knight
 14102 | IceCv    | Entered an ice cave
 15086 | IceCv    | Reached skill level 10 in Conjurations
 15935 | IceCv    | Noticed a frost giant
 15957 | IceCv    | Identified a scroll of acquirement {!r}
 15961 | IceCv    | Killed a frost giant
 16366 | D:13     | Noticed a centaur warrior
 16383 | D:13     | Killed a centaur warrior
 16581 | D:13     | Killed Urug
 16633 | D:12     | Killed a death knight
 16928 | D:13     | Reached XP level 13. HP: 97/114 MP: 33/33
 18166 | D:13     | Learned a level 7 spell: Orb of Destruction
 19645 | D:15     | Entered Level 15 of the Dungeon
 20165 | D:15     | Noticed Azrael
 20171 | D:15     | Killed Azrael
 21136 | D:15     | Reached XP level 14. HP: 122/122 MP: 36/36
 21679 | D:15     | Found a staircase to the Depths.
 21772 | D:15     | Found Doiw's Weapon Shop.
 22067 | Orc:1    | Entered Level 1 of the Orcish Mines
 22139 | Orc:1    | Found a roughly hewn altar of Beogh.
 22903 | Orc:2    | Entered Level 2 of the Orcish Mines
 22907 | Orc:2    | Found a bloodstained altar of Trog.
 22927 | Orc:2    | Noticed Josephine
 22935 | Orc:2    | Killed Josephine
 23127 | Orc:2    | Found a roughly hewn altar of Beogh.
 23436 | Orc:1    | Found Vadoej's General Store.
 23473 | Orc:1    | Bought a scroll of amnesia for 49 gold pieces
 24489 | Orc:2    | Found a staircase to the Elven Halls.
 24689 | Orc:2    | Found Umiuro's Gadget Boutique.
 24689 | Orc:2    | Found Eruajeod's Magic Scroll Shoppe.
 24737 | Orc:2    | Found a roughly hewn altar of Beogh.
 24973 | Orc:2    | Found Fiatienic's Armour Shoppe.
 24973 | Orc:2    | Found Heraa's Antique Armour Boutique.
 24987 | Orc:2    | Bought a slimy shield for 332 gold pieces
 25031 | Orc:2    | Bought a scarf of spirit shield for 126 gold pieces
 25031 | Orc:2    | Bought a +0 helmet of intelligence for 161 gold pieces
 25041 | Orc:2    | Identified the cursed +0 shield of the Hippo {rC++ Dex+2} (You bought it in a shop on level 2 of the Orcish Mines)
 25218 | Orc:2    | Bought a scroll of enchant armour for 90 gold pieces
 25254 | Orc:2    | Bought a scroll of magic mapping for 42 gold pieces
 25254 | Orc:2    | Bought a scroll of amnesia for 42 gold pieces
 25291 | Elf:1    | Entered Level 1 of the Elven Halls
 25386 | Elf:1    | Found Taydur's Assorted Antiques.
 25392 | Elf:1    | Bought a clouded silver ring for 175 gold pieces
 25393 | Elf:1    | Identified the ring "Jeumycw" {AC+1 Str+2 Int+4} (You bought it in a shop on level 1 of the Elven Halls)
 25396 | Elf:1    | Bought a granite ring for 175 gold pieces
 25426 | Elf:1    | Noticed Donald
 25447 | Elf:1    | Killed Donald
 25681 | Elf:1    | Reached skill level 15 in Conjurations
 25984 | Elf:1    | Identified Vintuol's Tome of Calling
 26349 | Elf:1    | Noticed Nikola
 26361 | Elf:1    | Killed Nikola
 26361 | Elf:1    | Reached skill level 15 in Spellcasting
 26361 | Elf:1    | Reached XP level 15. HP: 76/128 MP: 25/39
 28479 | Elf:2    | Found a huge runed gate.
 28479 | Elf:2    | Found a huge runed gate.
 28480 | Elf:2    | Found a huge runed gate.
 28502 | Elf:2    | Found a huge runed gate.
 28506 | Elf:2    | Found a huge runed gate.
 29075 | Elf:2    | Noticed a deep elf blademaster
 29085 | Elf:2    | Killed a deep elf blademaster
 29384 | Elf:2    | Noticed Asterion
 29399 | Elf:2    | Killed Asterion
 29677 | Elf:3    | Entered Level 3 of the Elven Halls
 29726 | Elf:3    | Reached XP level 16. HP: 141/146 MP: 39/40
 30189 | Elf:3    | Reached skill level 10 in Fighting
 30238 | Elf:3    | Reached skill level 10 in Dodging
 30359 | Elf:3    | Reached skill level 10 in Shields
 31183 | Elf:3    | Noticed a deep elf master archer
 31193 | Elf:3    | Noticed a deep elf master archer
 31531 | Elf:3    | Noticed a deep elf blademaster
 31664 | Elf:3    | Killed a deep elf master archer
 31675 | Elf:3    | Killed a deep elf blademaster
 31682 | Elf:3    | Got a smoking turquoise ring
 31737 | Elf:3    | Got a translucent falchion {protect}
 31750 | Elf:3    | Identified the +4 falchion of Spring {protect, MP+9} (You took it off a deep elf elementalist on level 3 of the Elven Halls)
 31791 | Elf:3    | Noticed a deep elf blademaster
 32194 | Elf:3    | Identified the ring "Ecoy" {+Inv MP+9 Str+9 Int-3} (You took it off a deep elf blademaster on level 3 of the Elven Halls)
 32238 | Elf:3    | Noticed a Hell Sentinel
 32471 | Elf:3    | Killed a deep elf blademaster
 32496 | Elf:3    | Got a translucent buckler
 32695 | Elf:3    | Identified the +4 buckler of the Barracuda {Int+4 Dex+2} (You took it off a deep elf annihilator on level 3 of the Elven Halls)
 32733 | Elf:3    | Identified The Arcane Secrets of Theurgy
 32756 | Elf:3    | Got a vibrating ivory ring
 32783 | Elf:3    | Got a twisted war axe {drain}
 32786 | Elf:3    | Identified the +12 war axe "Pabbi" {drain, rN++ Int+3} (You took it off a deep elf mage on level 3 of the Elven Halls)
 32807 | Elf:3    | Identified the ring of the Everdark {MR+ Int+6} (You took it off a deep elf demonologist on level 3 of the Elven Halls)
 32822 | Elf:3    | Got a steaming short sword {elec}
 32829 | Elf:3    | Got a shimmering copper ring
 32854 | Elf:3    | Identified the cursed ring of Rehuck {rPois rN+++ EV-2 Str+3 Dex+4} (You took it off a deep elf sorcerer on level 3 of the Elven Halls)
 32867 | Elf:3    | Identified Zerumn's Handbook of Shifting Stones
 32887 | Elf:3    | Identified the cursed +0 short sword "Paiwki" {elec, rPois MR++ Dex-3} (You took it off a deep elf archer on level 3 of the Elven Halls)
 32897 | Elf:3    | Got a faintly humming hat
 32908 | Elf:3    | Identified the +1 hat of Indecent Exposure {Regen+ Dex+3 Stlth+} (You found it on level 3 of the Elven Halls)
 33215 | D:10     | Bought a +2 pair of boots for 280 gold pieces
 33296 | Lair:1   | Entered Level 1 of the Lair of Beasts
 33515 | Lair:1   | Learned a level 2 spell: Passwall
 33746 | Lair:1   | Reached XP level 17. HP: 158/158 MP: 41/41
 34055 | Lair:2   | Reached skill level 1 in Evocations
 35616 | Lair:3   | Noticed Prince Ribbit
 35624 | Lair:3   | Killed Prince Ribbit
 36566 | Lair:4   | Found a staircase to the Shoals.
 37591 | Lair:4   | Found a hole to the Spider Nest.
 38471 | Lair:6   | Entered Level 6 of the Lair of Beasts
 39537 | Lair:6   | Found the +9 staff of Olgreb {rPois}
 39608 | Lair:6   | Identified the +5 robe "Dybb" {-Tele rC+ Regen+} (You found it on level 6 of the Lair of Beasts)
 39811 | Lair:6   | Found a viscous altar of Jiyva.
 39811 | Lair:6   | Found a staircase to the Slime Pits.
 40097 | Spider:1 | Entered Level 1 of the Spider Nest
 41247 | Spider:1 | Reached skill level 5 in Evocations
 43530 | Spider:3 | Identified a paperback manual
 43855 | Spider:3 | Reached XP level 18. HP: 156/171 MP: 6/42
 44635 | Spider:3 | Got a dazzling short sword
 44636 | Spider:3 | Identified the +1 short sword of Finophut {pierce, rC++} (You found it on level 3 of the Spider Nest)
 45445 | Spider:4 | Entered Level 4 of the Spider Nest
 45883 | Spider:4 | Got a dull robe
 45950 | Spider:4 | Learned a level 5 spell: Irradiate
 45974 | Spider:4 | Identified the cursed +1 robe of Mamoref {*Corrode Str+5 Int+3} (You found it on level 4 of the Spider Nest)
 47561 | Spider:4 | Got a gossamer rune of Zot
 47952 | Shoals:1 | Entered Level 1 of the Shoals
 48021 | Shoals:1 | Found Jeobyijalu's Assorted Antiques.
 48026 | Shoals:1 | Found Putog's Antique Armour Boutique.
 48186 | Shoals:1 | Found a runed gate.
 48189 | Shoals:1 | Found an opulent altar of Gozag.
 48190 | Shoals:1 | Found a runed gate.
 48190 | Shoals:1 | Found a runed gate.
 48190 | Shoals:1 | Noticed pk666's ghost (journeyman DEWz)
 48206 | Shoals:1 | Killed pk666's ghost
 48569 | Shoals:1 | Found Maja's Gadget Boutique.
 48784 | Shoals:1 | Found Unyamiruomm's General Store.
 48792 | Shoals:1 | Bought a scroll of blinking for 120 gold pieces
 48903 | Shoals:1 | Found Ejeuff's Assorted Antiques.
 48911 | Shoals:1 | Bought a glowing robe for 122 gold pieces
 49096 | Shoals:2 | Found Rotzafil's Book Shoppe.
 49133 | Shoals:2 | Bought a manual of Evocations for 2318 gold pieces
 50543 | Shoals:4 | Entered Level 4 of the Shoals
 51355 | Shoals:4 | Identified the ring of Hebon {+Inv MR- MP+9 Str+3 Int+4} (You found it on level 4 of the Shoals)
 51630 | Shoals:4 | Reached XP level 19. HP: 182/182 MP: 43/43
 51657 | Shoals:4 | Noticed Ilsuiw
 51940 | Shoals:4 | Identified the Grimoire of Displacement and Creation
 52107 | Shoals:4 | Identified the +8 long sword "Spiderbane" {pain, Dex+2 Stlth+} (You took it off a merfolk siren on level 4 of the Shoals)
 52363 | Shoals:4 | Noticed Polyphemus
 52372 | Shoals:4 | Killed Polyphemus
 52455 | Shoals:4 | Got a barnacled rune of Zot
 52687 | Shoals:4 | Killed Ilsuiw
 53165 | Vaults:1 | Entered Level 1 of the Vaults
 53214 | Vaults:1 | Reached skill level 10 in Evocations
 54917 | Vaults:1 | Cast into level 3 of the Abyss (a deep elf sorcerer)
 55413 | Abyss:3  | Noticed a bone dragon
 55420 | Abyss:3  | Paralysed by accursed screaming for 1 turns
 55430 | Abyss:3  | Found a corrupted altar of Lugonu.
 55465 | Vaults:1 | Escaped the Abyss
 56104 | Vaults:1 | Found the amulet of the Air {Inacc +Fly rElec EV+5 RMsl}
 57412 | Vaults:2 | Reached XP level 20. HP: 194/194 MP: 29/44
 58127 | Vaults:2 | Reached skill level 15 in Shields
 58129 | Vaults:2 | Found Mamorowu's Food Shoppe.
 58140 | Vaults:2 | Reached skill level 15 in Dodging
 58192 | Vaults:2 | Reached skill level 15 in Fighting
 58362 | Vaults:2 | Found Ehogg's Jewellery Shop.
 58463 | Vaults:2 | Found Wiutehae's Magic Scroll Boutique.
 58510 | Vaults:2 | Found Huavaimu's Gadget Shop.
 59028 | Vaults:2 | Found a staircase to the Crypt.
 60201 | Vaults:3 | Noticed Mennas
 60222 | Vaults:3 | Killed Mennas
 60577 | Vaults:3 | Found a ruined gateway.
 60582 | Desolati | Entered the Desolation of Salt
 61837 | Desolati | Reached skill level 15 in Evocations
 61955 | Desolati | Got a jewelled cloak
 61957 | Desolati | Identified the Catalogue of Cloudy Black Rites
 61959 | Desolati | Identified Gerig's Volume of Creative Venom
 61963 | Desolati | Identified the Grimoire of Darkness
 61966 | Desolati | Identified the cursed +0 cloak of Spring {rC+} (You found it in the Desolation of Salt)
 62345 | Desolati | Identified the Compendium of Feathery Intoxication
 62647 | Desolati | Found the +10 dark maul {crush}
 65116 | Vaults:3 | Reached XP level 21. HP: 202/202 MP: 12/46
 68080 | Vaults:4 | Learned a level 6 spell: Iron Shot
 68083 | Vaults:5 | Entered Level 5 of the Vaults
 68769 | Vaults:5 | Noticed a golden dragon
 68783 | Vaults:5 | Killed a golden dragon
 70032 | Vaults:5 | Got a transparent plate armour
 70458 | Vaults:5 | Reached XP level 22. HP: 211/211 MP: 49/49
 72091 | Vaults:5 | Found Xagaggyc's Weapon Shop.
 72320 | Vaults:5 | Noticed an ancient lich
 72329 | Vaults:5 | Killed an ancient lich
 72378 | Vaults:5 | Found Rej Ocaz's Food Shoppe.
 72551 | Vaults:5 | Identified the +1 plate armour of Orann {rN++ Dex+2} (You took it off a vault guard on level 5 of the Vaults)
 73009 | Vaults:5 | Got a silver rune of Zot
 73018 | Vaults:5 | Identified the Almanac of Execration and the Rocks
 74100 | Depths:1 | Entered Level 1 of the Depths
 74881 | Depths:1 | Found a gateway to Hell.
 76653 | Depths:2 | Found a gateway to a ziggurat.
 77115 | Depths:2 | Reached XP level 23. HP: 224/224 MP: 50/50
 77741 | Depths:2 | Got a steaming trident
 77742 | Depths:2 | Identified the cursed +1 trident "Buohomo" {pierce, rElec rF+ Str+4 Dex+3} (You found it on level 2 of the Depths)
 77824 | Depths:3 | Noticed Sojobo
 77836 | Depths:3 | Killed Sojobo
 78083 | Depths:3 | Found a one-way gate to the infinite horrors of the Abyss.
 81416 | Depths:3 | Noticed Bai Suzhen
 81445 | Depths:3 | Killed Bai Suzhen
 81769 | Depths:3 | Found a viscous altar of Jiyva.
 81996 | Depths:3 | Found a one-way gate leading to the halls of Pandemonium.
 83211 | Depths:4 | Found a corrupted altar of Lugonu.
 83514 | Depths:5 | Entered Level 5 of the Depths
 83514 | Depths:5 | Noticed Margery
 83635 | Depths:5 | Killed Margery
 84514 | Depths:5 | Reached XP level 24. HP: 231/237 MP: 50/51
 86172 | Depths:5 | Found a gate to the Realm of Zot.
 86986 | Depths:4 | Got a polished war axe {venom}
 86987 | Depths:4 | Identified the +9 war axe of Kiyraor {venom, rElec rF- Str+4 Int+3} (You took it off a hell knight on level 4 of the Depths)
 87053 | Depths:4 | Got a dazzling flail {drain}
 87231 | Zot:1    | Entered Level 1 of the Realm of Zot
 89055 | Zot:1    | Identified the +4 flail of Wygau {drain, Str+2} (You took it off a hell knight on level 4 of the Depths)
 89538 | Zot:1    | Found a runed door.
 89539 | Zot:1    | Noticed Nib's ghost (legendary NaVM)
 91078 | Zot:1    | Killed Nib's ghost
 92046 | Zot:2    | Reached XP level 25. HP: 234/247 MP: 8/51
 92506 | Zot:2    | Noticed an orb of fire
 92526 | Zot:2    | Gained mutation: Armour fits poorly on your strangely shaped body. [an orb of fire]
 92527 | Zot:2    | Gained mutation: Your body sometimes deteriorates upon taking damage. [an orb of fire]
 92539 | Zot:2    | Killed an orb of fire
 94085 | Zot:2    | Noticed an ancient lich
 94089 | Zot:2    | Killed an ancient lich
 95558 | Zot:3    | Noticed an ancient lich
 95561 | Zot:3    | Got a scintillating ivory ring
 96109 | Zot:3    | Killed an ancient lich
 97821 | Zot:4    | Learned a level 7 spell: Spellforged Servitor
 98573 | Zot:5    | Entered Level 5 of the Realm of Zot
 99106 | Zot:5    | Noticed an orb of fire
 99145 | Zot:5    | Reached XP level 26. HP: 249/259 MP: 27/52
 99367 | Zot:5    | Killed an orb of fire
 99642 | Zot:5    | Identified the ring "Juaral" {+Fly Dex+2} (You found it on level 3 of the Realm of Zot)
 99850 | Zot:5    | Noticed an orb of fire
 99864 | Zot:5    | Gained mutation: Your spells are a little easier to cast, but a little less powerful. [an orb of fire]
 99864 | Zot:5    | Killed an orb of fire
 99865 | Zot:5    | Lost mutation: Armour fits poorly on your strangely shaped body. [potion of mutation]
 99865 | Zot:5    | Gained mutation: You can translocate small distances at will. [potion of mutation]
 99865 | Zot:5    | Gained mutation: Your system is resistant to poisons. (rPois) [potion of mutation]
 99866 | Zot:5    | Lost mutation: Your body sometimes deteriorates upon taking damage. [potion of mutation]
 99866 | Zot:5    | Lost mutation: You are robust. (+10% HP) [potion of mutation]
 99866 | Zot:5    | Lost mutation: Your system is resistant to poisons. (rPois) [potion of mutation]
 99866 | Zot:5    | Lost mutation: Your spells are a little easier to cast, but a little less powerful. [potion of mutation]
 99866 | Zot:5    | Gained mutation: You are occasionally teleported next to monsters. [potion of mutation]
 99866 | Zot:5    | Gained mutation: Scrolls take you a little longer to read. [potion of mutation]
 99866 | Zot:5    | Gained mutation: You have a pair of small antennae on your head. [potion of mutation]
 99866 | Zot:5    | Gained mutation: You are somewhat resistant to further mutation. [potion of mutation]
 99867 | Zot:5    | Lost mutation: You are somewhat resistant to further mutation. [potion of mutation]
 99867 | Zot:5    | Lost mutation: You are occasionally teleported next to monsters. [potion of mutation]
 99867 | Zot:5    | Lost mutation: Scrolls take you a little longer to read. [potion of mutation]
 99867 | Zot:5    | Lost mutation: You have a pair of small antennae on your head. [potion of mutation]
 99867 | Zot:5    | Gained mutation: Your movements are slightly less encumbered by armour. (ER -2) [potion of mutation]
 99867 | Zot:5    | Gained mutation: You expend magic power (3 MP) to strengthen your wands. [potion of mutation]
101079 | Zot:5    | Noticed an orb of fire
101102 | Zot:5    | Noticed an orb of fire
101222 | Zot:5    | Noticed an orb of fire
101247 | Zot:5    | Noticed an orb of fire
101253 | Zot:5    | Killed an orb of fire
101256 | Zot:5    | Noticed an orb of fire
101370 | Zot:5    | Noticed an orb of fire
101375 | Zot:5    | Gained mutation: Your body sometimes deteriorates upon taking damage. [an orb of fire]
101452 | Zot:5    | Noticed an orb of fire
101453 | Zot:5    | Gained mutation: You are clumsy. (Dex -2) [an orb of fire]
101455 | Zot:5    | Gained mutation: You tend to lose your temper in combat. [an orb of fire]
101468 | Zot:5    | Killed an orb of fire
101590 | Zot:5    | Killed an orb of fire
101691 | Zot:5    | Noticed an ancient lich
101701 | Zot:5    | Killed an ancient lich
102078 | Zot:5    | Noticed an orb of fire
102080 | Zot:5    | Gained mutation: Scrolls take you a little longer to read. [an orb of fire]
102085 | Zot:5    | Killed an orb of fire
102149 | Zot:5    | Lost mutation: Your body sometimes deteriorates upon taking damage. [potion of mutation]
102149 | Zot:5    | Lost mutation: Scrolls take you a little longer to read. [potion of mutation]
102149 | Zot:5    | Lost mutation: You tend to lose your temper in combat. [potion of mutation]
102149 | Zot:5    | Gained mutation: You tend to lose your temper in combat. [potion of mutation]
102149 | Zot:5    | Gained mutation: You are robust. (+10% HP) [potion of mutation]
102149 | Zot:5    | Lost mutation: You are robust. (+10% HP) [potion of mutation]
102149 | Zot:5    | Gained mutation: You are robust. (+10% HP) [potion of mutation]
102242 | Zot:5    | Killed an orb of fire
102588 | Zot:5    | Noticed an orb of fire
102589 | Zot:5    | Gained mutation: Your body sometimes deteriorates upon taking damage. [an orb of fire]
102596 | Zot:5    | Gained mutation: You are dopey. (Int -2) [an orb of fire]
102596 | Zot:5    | Killed an orb of fire
102598 | Zot:5    | Gained mutation: You are very dopey. (Int -4) [an orb of fire]
103184 | Zot:5    | Gained mutation: Your body often deteriorates upon taking damage. [an orb of fire]
103194 | Zot:5    | Killed an orb of fire
103328 | Zot:5    | Lost mutation: You expend magic power (3 MP) to strengthen your wands. [potion of mutation]
103328 | Zot:5    | Lost mutation: You are very dopey. (Int -4) [potion of mutation]
103328 | Zot:5    | Lost mutation: You tend to lose your temper in combat. [potion of mutation]
103328 | Zot:5    | Gained mutation: You have a somewhat thin skeletal structure. (Dex +2, Stealth) [potion of mutation]
103328 | Zot:5    | Gained mutation: You possess an exceptional clarity of mind. [potion of mutation]
103328 | Zot:5    | Gained mutation: You expend magic power (3 MP) to strengthen your wands. [potion of mutation]
103410 | Zot:5    | Gained mutation: Scrolls take you a little longer to read. [an orb of fire]
103417 | Zot:5    | Killed an orb of fire
103619 | Zot:5    | Killed an orb of fire
104123 | Zot:5    | Got the Orb of Zot
104150 | Zot:5    | Noticed Jiotaula the pandemonium lord
104358 | Hell     | Entered the Vestibule of Hell
104358 | Hell     | Noticed Geryon
104521 | Depths:1 | Noticed Giufaem the pandemonium lord
104571 | Depths:1 | Gained mutation: Scrolls take you longer to read. [a cacodemon]
104755 | D:9      | Noticed Ceocroi the pandemonium lord
104931 | D:7      | Noticed Duirybb the pandemonium lord
104931 | D:7      | Noticed an ancient lich
105145 | D:6      | Noticed Coal the pandemonium lord
105254 | D:4      | Reached XP level 27. HP: 233/270 MP: 53/53
105437 | D:$      | Escaped with the Orb!

Vault maps used:
D:1:      minmay_arrival_three_doors, kennysheep_nondescript
D:2:      chequers_ecumenical_altar_simple_redux
D:3:      gammafunk_temple_overflow_pools, biasface_ghost_orc_armoury,
          hex_large, grunt_nemelex_the_gamble, uniq_ijyb
D:4:      old_forge, grunt_dithmenos_smoke_and_mirrors, first_ration,
          uniq_grinder, uniq_robin, uniq_crazy_yiuf_cottage
D:6:      lemuel_crystal_altar, bloody_makhleb, nicolae_elemental_shop,
          uniq_blork_the_orc
D:7:      minmay_temple_entry_mist, basic_altar
D:8:      slow_altar_2, erik_lair_island
D:9:      orc_0_dummy, grunt_livestock
D:10:     serial_shops, nicolae_shop_statue_plus
D:11:     uniq_snorg
D:12:     hangedman_abyss_or_decor_passed, uniq_nessos, uniq_rupert
D:13:     david_vaults_3, portal_ice_cave_entry_pillars_1, grunt_ministairs_1
D:14:     serial_park_tiny_2
D:15:     hangedman_depths_entry_civil_slaughter, minmay_misc_feat_four_crosses,
          serial_shops, shop, uniq_azrael
Lair:1:   lemuel_fruit_tree, grunt_megastairs_3, infiniplex_staircase_pool,
          lemuel_fruit_fields
Lair:2:   kennysheep_abandoned_house
Lair:3:   serial_bayou_shore_a, uniq_prince_ribbit2
Lair:4:   minmay_shoals_entry_centaurs, spider_nest_entry_webs,
          bobbens_dragon_lair_wall, minmay_lair_oklob_chamber,
          grunt_megastairs_5, serial_bayou_shore_b
Lair:6:   grunt_lair_end_beastmaster, dpeg_slime_entry_enclosed_altar,
          serial_bayou_pond_a, fungi_pond_lemuel
Shoals:1: ebering_ghost_gozag, serial_shops, shop, shop,
          nicolae_shop_statue_plus, nicolae_shop_overgrown_old_shop, shop,
          nicolae_shoals_square_sea_wall, nicolae_shoals_water_elemental_grotto
Shoals:2: serial_shops, shop, nicolae_shoals_hunting_party
Shoals:4: shoals_end_grunt_ice, shoals_ilsuiw_ice,
          nicolae_shoals_arrival_archipelago, uniq_polyphemus
Spider:2: nicolae_crawler_farm
Spider:3: nicolae_spider_mines_1
Spider:4: grunt_spider_rune_parallel
Orc:1:    basic_altar, serial_shops, nicolae_shop_competitors_out_of_business
Orc:2:    st_orc_town, basic_altar, bloody_trog, uniq_josephine
Elf:1:    serial_shops, shop, minmay_elf_demonology, uniq_donald, uniq_nikola
Elf:2:    spider_trap, uniq_asterion
Elf:3:    minmay_elf_hall_quartered_circle
Vaults:1: ontoclasm_vaults_claustrophobia, vaults_room_semicircle,
          vaults_room_ringed_pool, hangedman_vaults_restitches, v_alt_pattern_2,
          v_rooms_2, vaults_mumra_minichess_inversion, hangedman_vaults_stream,
          nicolae_vaults_little_squares_1, v_rooms_6, serial_ice_b, v_misc_13
Vaults:2: ontoclasm_vaults_ring_large, minmay_crypt_entry_simple_box,
          nicolae_vaults_mini_display_case, nicolae_vaults_network_s,
          vaults_room_hangedman_quadrants, v_misc_17, vaults_dpeg_encased_lava,
          serial_shops, shop, shop_coins, shop, nicolae_shop_stone
Vaults:3: v_misc_29, grunt_vaults_swirl, nicolae_vaults_little_ls,
          vaults_room_door_hall, nicolae_vaults_rhombus_7, v_alt_pattern_2,
          st_spiral_rooms, dpeg_vaults_monster_box, ontoclasm_vaults_twist,
          vaults_room_pool, nicolae_vaults_border_crossing,
          ontoclasm_vaults_misaligned, v_misc_17, portal_desolation_entry_ruin,
          uniq_mennas
Vaults:4: vaults_standard_mumra_enter_the_diamond, hangedman_vaults_nails,
          nicolae_vaults_yaktaur_gun_rack, v_misc_1, nicolae_vaults_theta,
          st_lattice, hangedman_vaults_stagger
Vaults:5: serial_shops
Depths:1: hell_entry, nicolae_two_hexagons, minmay_misc_feat_roman, minivault_1,
          feat_on_display, serial_bayou_shore_b
Depths:2: minmay_bloctagon_deflated, enter_ziggurat_b, hell_entry,
          basic_loot_grate_trap
Depths:3: hangedman_stitches_corridor, special_room, serial_bayou_shore_b,
          hell_entry, grunt_pan_entry_zigzag, hangedman_abyss_entry_splay,
          infiniplex_staircase_pillars_2, uniq_bai_suzhen, uniq_sojobo
Depths:4: minmay_connected_triangles_in_corner, pf_vacation_house_of_asmodeus,
          abyss_entry_flame_altar, minmay_misc_feat_pillars
Depths:5: grunt_zot_entry_hairpin, grunt_decor_mini_mirrors, grunt_metal_band,
          grunt_megastairs_1
Zot:1:    ebering_ghost_reflecting_pool
Zot:2:    hangedman_snap_crack_crunch
Zot:4:    hangedman_zot_decor_unnerving_road, st_stairs_13, hangedman_zot_gyre,
          basic_stair_grate_trap
IceCv:    ice_cave_caverns_02

Skill      XL: |  1  2  3  4  5  6  7  8  9 10 11 12 13 14 15 16 17 18 19 20 21 22 23 24 25 26 |
---------------+-------------------------------------------------------------------------------+-----
Spellcasting   | 3 4 5 6 7 10 11 13 15 17 18 19 | 19.7
Conjurations   | 1 2 3 4 5 6 8 9 12 13 15 16 17 18 19 20 | 20.5
Shields        | 4 6 9 11 12 13 14 15 | 15.0
Dodging        | 4 6 9 11 12 13 14 15 16 17 18 19 20 | 20.1
Fighting       | 4 6 9 11 12 13 14 15 16 17 18 19 20 | 20.1
Evocations     | 5 9 12 15 16 17 18 19 20 | 20.1
Stealth        | 2 |  2.0
Summonings     | |  0.8
Translocations | |  0.8

Action                   |  1- 3 |  4- 6 |  7- 9 | 10-12 | 13-15 | 16-18 | 19-21 | 22-24 | 25-27 || total
-------------------------+-------+-------+-------+-------+-------+-------+-------+-------+-------++-------
Melee: Unarmed           |    48 |       |       |       |       |       |       |       |       ||    48
       Staff             |       |    23 |    50 |   185 |    78 |   116 |    60 |    13 |     7 ||   532
       War axe           |       |       |       |       |       |       |    33 |       |       ||    33
       Demon blade       |       |       |       |       |       |       |    13 |   105 |    15 ||   133
 Cast: Magic Dart        |   110 |   121 |   511 |   277 |   214 |       |       |       |       ||  1233
       Call Imp          |     4 |    12 |       |       |     2 |       |       |       |       ||    18
       Mephitic Cloud    |     1 |     6 |    22 |    16 |     9 |       |     1 |     2 |       ||    57
       Conjure Flame     |       |     2 |    19 |    69 |    27 |       |       |       |       ||   117
       Poisonous Vapours |       |       |    12 |   259 |   344 |   338 |    76 |    26 |       ||  1055
       Blink             |       |       |       |    13 |    12 |    31 |     3 |     7 |    19 ||    85
       Iskenderun's Batt |       |       |       |    38 |    39 |       |       |       |       ||    77
       Regeneration      |       |       |       |    31 |    57 |    29 |     9 |    33 |    33 ||   192
       Orb of Destructio |       |       |       |       |   277 |   741 |   751 |   471 |   108 ||  2348
       Summon Lightning  |       |       |       |       |    11 |     4 |     2 |     2 |     1 ||    20
       Irradiate         |       |       |       |       |       |    11 |    48 |    29 |    11 ||    99
       Iron Shot         |       |       |       |       |       |       |    21 |   605 |   402 ||  1028
       Passwall          |       |       |       |       |       |       |       |     1 |     3 ||     4
       Spellforged Servi |       |       |       |       |       |       |       |       |     5 ||     5
Evoke: Wand              |       |       |       |    17 |       |    19 |    26 |    23 |    13 ||    98
       Staff of energy   |       |       |       |       |       |   124 |    95 |    28 |   185 ||   432
       Crystal ball of e |       |       |       |       |       |       |       |     2 |       ||     2
       Fan of gales      |       |       |       |       |       |       |       |     1 |       ||     1
  Use: Potion            |     5 |       |     5 |     4 |     2 |     5 |    12 |     6 |    11 ||    50
       Scroll            |     7 |     2 |     3 |     9 |     9 |    27 |    19 |    13 |     6 ||    95
 Stab: Distracted        |       |     1 |       |       |       |       |       |     1 |       ||     2
  Eat: Chunk             |     3 |     7 |    14 |    20 |    94 |   138 |   114 |    44 |    14 ||   448
       Ration            |       |       |       |     3 |     5 |     8 |    11 |    11 |    12 ||    50
Armor: Robe              |    13 |     6 |     3 |       |       |       |       |       |       ||    22
       Skin              |     5 |       |       |       |       |       |       |       |       ||     5
       Leather armour    |       |       |    94 |   171 |   110 |    24 |    35 |   100 |    57 ||   591
       Steam dragon scal |       |       |       |       |       |   157 |    21 |       |       ||   178
Dodge: Dodged            |    74 |    10 |   177 |   454 |   350 |   484 |   402 |   469 |   332 ||  2752
       Deflected         |       |       |       |       |       |       |    17 |    48 |    17 ||    82
Block: Buckler           |       |       |       |   134 |   114 |       |       |       |       ||   248
       Shield            |       |       |       |       |       |   700 |   486 |   518 |   315 ||  2019
       Rpst.: Demon blade |       |       |       |       |       |       |     1 |     9 |       ||    10

Table legend:
 A = Spawn XP
 B = Non-spawn XP
 C = Spawn XP percentage of total XP
 D = Spawn monster count
 E = Non-spawn monster count
 F = Spawn count percentage of total count
 G = Total turns spent on level
                    A         B        C        D         E        F      G
               +---------+---------+-------+---------+---------+-------+---------
         Total |   14715 | 1741427 |   0.8 |      25 |    2522 |   1.0 | 105437
               +---------+---------+-------+---------+---------+-------+---------
           D:1 |       0 |      62 |   0.0 |       0 |      29 |   0.0 |  1302
           D:2 |       0 |      46 |   0.0 |       0 |      14 |   0.0 |   770
           D:3 |       0 |     195 |   0.0 |       0 |      23 |   0.0 |  1360
           D:4 |       0 |    1483 |   0.0 |       0 |      47 |   0.0 |  2238
           D:5 |       0 |     528 |   0.0 |       0 |      22 |   0.0 |   609
           D:6 |       0 |     932 |   0.0 |       0 |      31 |   0.0 |  1050
           D:7 |       0 |    1262 |   0.0 |       0 |      25 |   0.0 |  1075
           D:8 |       0 |    3989 |   0.0 |       0 |      45 |   0.0 |  1912
           D:9 |       0 |    2542 |   0.0 |       0 |      26 |   0.0 |  1331
          D:10 |       0 |     489 |   0.0 |       0 |       7 |   0.0 |  1096
          D:11 |       0 |    3018 |   0.0 |       0 |      31 |   0.0 |  1465
          D:12 |       0 |    9716 |   0.0 |       0 |      32 |   0.0 |  1924
          D:13 |       0 |   15601 |   0.0 |       0 |      51 |   0.0 |  2063
          D:14 |       0 |    9951 |   0.0 |       0 |      32 |   0.0 |  2158
          D:15 |       0 |   20298 |   0.0 |       0 |      60 |   0.0 |  1613
        Lair:1 |       0 |    4524 |   0.0 |       0 |      20 |   0.0 |   914
        Lair:2 |       0 |    5471 |   0.0 |       0 |      33 |   0.0 |  1104
        Lair:3 |       0 |    7590 |   0.0 |       0 |      38 |   0.0 |  1471
        Lair:4 |       0 |   18970 |   0.0 |       0 |      59 |   0.0 |  1838
        Lair:5 |       0 |    3685 |   0.0 |       0 |      12 |   0.0 |   846
        Lair:6 |       0 |   17261 |   0.0 |       0 |      45 |   0.0 |  1661
      Shoals:1 |       0 |   13757 |   0.0 |       0 |      27 |   0.0 |  1129
      Shoals:2 |       0 |   17001 |   0.0 |       0 |      30 |   0.0 |   986
      Shoals:3 |       0 |    6406 |   0.0 |       0 |      15 |   0.0 |   804
      Shoals:4 |       0 |   38961 |   0.0 |       0 |      56 |   0.0 |  2178
      Spider:1 |       0 |   16197 |   0.0 |       0 |      46 |   0.0 |  1790
      Spider:2 |       0 |   12186 |   0.0 |       0 |      42 |   0.0 |  1670
      Spider:3 |       0 |   21458 |   0.0 |       0 |      59 |   0.0 |  2220
      Spider:4 |       0 |   30208 |   0.0 |       0 |      66 |   0.0 |  2212
         Orc:1 |       0 |    6663 |   0.0 |       0 |      41 |   0.0 |  1365
         Orc:2 |       0 |   13420 |   0.0 |       0 |      94 |   0.0 |  2443
         Elf:1 |       0 |   22544 |   0.0 |       0 |      28 |   0.0 |  1836
         Elf:2 |       0 |   56755 |   0.0 |       0 |      80 |   0.0 |  2857
         Elf:3 |       0 |   71106 |   0.0 |       0 |      72 |   0.0 |  3295
      Vaults:1 |       0 |   52857 |   0.0 |       0 |     104 |   0.0 |  2853
      Vaults:2 |       0 |   49669 |   0.0 |       0 |      76 |   0.0 |  2980
      Vaults:3 |       0 |   68084 |   0.0 |       0 |      81 |   0.0 |  2401
      Vaults:4 |       0 |   68456 |   0.0 |       0 |     102 |   0.0 |  2604
      Vaults:5 |       0 |  169092 |   0.0 |       0 |     157 |   0.0 |  5281
      Depths:1 |       0 |   44413 |   0.0 |       0 |      58 |   0.0 |  2463
      Depths:2 |       0 |   44202 |   0.0 |       0 |      44 |   0.0 |  1675
      Depths:3 |       0 |  102919 |   0.0 |       0 |     100 |   0.0 |  4518
      Depths:4 |       0 |   47949 |   0.0 |       0 |      38 |   0.0 |  1904
      Depths:5 |       0 |   76120 |   0.0 |       0 |      59 |   0.0 |  3841
          Hell |       0 |    5492 |   0.0 |       0 |       7 |   0.0 |    11
         Zot:1 |       0 |  100094 |   0.0 |       0 |      62 |   0.0 |  4873
         Zot:2 |       0 |  101683 |   0.0 |       0 |      51 |   0.0 |  2836
         Zot:3 |       0 |   51719 |   0.0 |       0 |      30 |   0.0 |  1947
         Zot:4 |       0 |   47654 |   0.0 |       0 |      25 |   0.0 |  1250
         Zot:5 |       0 |  197994 |   0.0 |       0 |      53 |   0.0 |  4592
       Abyss:3 |   14715 |     973 |  93.8 |      25 |       4 |  86.2 |   548
         IceCv |       0 |   12872 |   0.0 |       0 |      52 |   0.0 |  2144
    Desolation |       0 |   44910 |   0.0 |       0 |      81 |   0.0 |  2131
               +---------+---------+-------+---------+---------+-------+---------
